[Event "Team 45 45 League T48"]
[Site "Internet Chess Club"]
[Date "2011.03.05"]
[Round "4"]
[White "gandre"]
[Black "chess9397"]
[Result "0-1"]
[WhiteElo "1602"]
[BlackElo "1796"]
[Opening "Queen's bishop game"]
[ECO "D02"]
[Time "13:00:24"]
[TimeControl "2700+45"]

1. d4 Nf6 2. Nf3 d5 3. Bf4 Bf5 4. e3 e6 5. Bd3 Bxd3 6. cxd3 Nbd7 7. Nc3 Be7 8.
O-O O-O 9. h3 a6 10. a3 c5 11. dxc5 Nxc5 12. b4 Ncd7 13. Rc1 Rc8 14. Ne5 a5 15.
Qb3 axb4 16. axb4 Qb6 17. Rb1 Ra8 18. Na4 Qa6 19. Nc5 Bxc5 20. bxc5 Nxc5 21. Qb5
Rfc8 22. d4 Na4 23. Qxb7 Rf8 24. Qxa6 Rxa6 25. Rb7 Nc3 26. Kh1 Nce4 27. f3 Nd6
28. Rc7 Nfe8 29. Rc6 Rxc6 30. Nxc6 Nc4 31. Rb1 Ned6 32. Rb8 Rxb8 33. Nxb8 Nf5
34. Kg1 Nfxe3 35. Bxe3 Nxe3 36. Kf2 Nf5 37. Nc6 Kf8 38. g4 Nd6 39. Ke3 f6 40. h4
h5 41. Kd3 hxg4 42. fxg4 Ne4 43. Ke3 g6 44. Kf4 g5+ 45. hxg5 Nxg5 46. Ke3 Kf7
47. Kf4 Ne4 48. Ke3 Ke8 49. Nb4 Kd7 50. Kf4 Kd6 51. Nd3 Nc3 52. Ke3 Nb5 53. Nf4
Nc3 54. Nd3 Ne4 55. Nf2 Nxf2 56. Kxf2 e5 57. dxe5+ Kxe5 58. Ke3 d4+ 59. Kd3 Kd5
60. Kd2 Ke4 61. Ke2 d3+ 62. Kd2 Kd4 63. Kd1 Ke3 64. Ke1 Kf4 65. Kd2 Kxg4 66.
Kxd3 Kf3 67. Kd2 Kf2 68. Kd1 f5 69. Kd2 f4 70. Kd1 f3 71. Kd2 Kg2 72. Ke1 f2+
73. Ke2 f1=Q+ {White resigns} 0-1

[Event "Team 45 45 League T48"]
[Site "Internet Chess Club"]
[Date "2011.03.04"]
[Round "4"]
[White "j316chuck"]
[Black "AstroChessPilot"]
[Result "0-1"]
[WhiteElo "1535"]
[BlackElo "1570"]
[Opening "Ruy Lopez: Noah's ark trap"]
[ECO "C71"]
[Time "19:00:30"]
[TimeControl "2700+45"]

1. e4 e5 2. Nf3 Nc6 3. Bb5 a6 4. Ba4 d6 5. d4 b5 6. Bb3 Nxd4 7. Nxd4 exd4 8.
Qxd4 c5 9. Qd5 Be6 10. Qc6+ Bd7 11. Qd5 c4 12. Bxc4 bxc4 13. Qxc4 Nf6 14. Nc3
Be7 15. Be3 Qc8 16. Qd3 Bc6 17. b3 Qb7 18. f3 d5 19. Nxd5 Nxd5 20. exd5 Bxd5 21.
c4 Bb4+ 22. Kf2 Be6 23. a3 Be7 24. b4 Rd8 25. Qc2 O-O 26. h4 Rd7 27. h5 Bf6 28.
g4 Bxa1 29. Rxa1 Qc7 30. Rh1 Qxc4 31. Qb1 Qa2+ {White resigns} 0-1

[Event "Team 45 45 League T48"]
[Site "Internet Chess Club"]
[Date "2011.03.06"]
[Round "4"]
[White "makramkozman"]
[Black "chess-fan"]
[Result "1-0"]
[WhiteElo "1545"]
[BlackElo "1401"]
[Opening "English: Bremen, reverse dragon"]
[ECO "A22"]
[Time "23:00:35"]
[TimeControl "2700+45"]

1. c4 e5 2. g3 Nf6 3. Nc3 d5 4. cxd5 Nxd5 5. Bg2 Nb6 6. Nf3 Nc6 7. O-O Be6 8. d3
Qd7 9. Bd2 O-O-O 10. Rc1 Be7 11. Nb5 h5 12. Rxc6 bxc6 13. Nxe5 Qe8 14. Nxa7+ Kb8
15. Naxc6+ Kc8 16. Na7+ Kb8 17. Nec6+ Ka8 18. Nxd8+ Kxa7 19. Nxe6 fxe6 20. Be3
h4 21. Qb3 e5 22. Rc1 Bd6 23. Bc6 Qh5 24. Bxb6+ cxb6 25. Qa4+ Kb8 26. Qa8+ Kc7
27. Bd5+ Kd7 28. Qb7+ Bc7 29. Rxc7+ Kd6 30. Qc6# {Black checkmated} 1-0

[Event "Team 45 45 League T48"]
[Site "Internet Chess Club"]
[Date "2011.03.04"]
[Round "4"]
[White "kid6988"]
[Black "cdir"]
[Result "0-1"]
[WhiteElo "1519"]
[BlackElo "1460"]
[Opening "French: Tarrasch, open, 4.ed ed"]
[ECO "C08"]
[Time "15:32:59"]
[TimeControl "2700+45"]

1. e4 e6 2. d4 d5 3. Nd2 c5 4. exd5 exd5 5. Ngf3 cxd4 6. Nxd4 Nc6 7. Bb5 Bd7 8.
Bxc6 bxc6 9. N2b3 Nf6 10. Bg5 Be7 11. Qe2 O-O 12. O-O Re8 13. Qf3 Bg4 14. Qf4
Bd6 15. Qxg4 Nxg4 16. Bxd8 Raxd8 17. h3 Nf6 18. Nxc6 Rc8 19. Ncd4 Re4 20. Rfe1
Rce8 21. Nf3 Bc7 22. Kf1 Bb6 23. Nfd2 Rf4 24. f3 Kf8 25. Rxe8+ Kxe8 26. Re1+ Kd7
27. Re5 Kd6 28. Re1 Nh5 29. Ke2 Rf6 30. Kd1 Nf4 31. c4 Nd3 32. Re8 Nxb2+ 33. Kc2
Nxc4 34. Rc8 Ne3+ 35. Kd3 Nxg2 36. Kc2 Nh4 37. Rc3 Rg6 38. f4 Rf6 39. Rg3 Nf5
40. Rd3 Ne3+ 41. Kc1 Ng2 42. Ne4+ Ke6 43. Nxf6 Kxf6 44. Rxd5 Nxf4 45. Rd1 h5 46.
Rf1 Kg5 47. Kd2 f6 48. Kc3 Nxh3 49. Nd4 Nf4 50. Rg1+ Kh6 51. Nf5+ Kh7 52. Rxg7+
Kh8 53. Kc4 Ne2 54. Kd5 Nd4 55. Rg6 Nxf5 56. Rxf6 Ng3 57. Rg6 Bf2 58. Ke6 Kh7
59. Kf7 h4 60. Rg4 Nf5 61. Rf4 Nd6+ 62. Ke6 Bg3 63. Rf1 h3 64. Kf6 Ne4+ 65. Kf5
Nf2 66. Rg1 h2 67. Ra1 h1=Q 68. Rxh1+ Nxh1 69. Ke6 a5 70. Kd5 a4 71. Kc4 a3 72.
Kb3 Bd6 73. Kc3 Nf2 74. Kc2 Kg6 75. Kc3 Kf5 76. Kc4 Ke4 77. Kc3 Nd3 78. Kc2 Kd4
79. Kb1 Be5 80. Kc2 Nb4+ 81. Kb3 Nxa2 82. Kxa2 Bd6 83. Kb3 Bc5 84. Ka2 Kc4 85.
Kb1 Kb3 86. Ka1 Bd4+ 87. Kb1 a2+ {White resigns} 0-1

[Event "Team 45 45 League T48"]
[Site "Internet Chess Club"]
[Date "2011.03.04"]
[Round "4"]
[White "trickey1872"]
[Black "parpin"]
[Result "1-0"]
[WhiteElo "1527"]
[BlackElo "1804"]
[Opening "English: Bremen system, Keres variation"]
[ECO "A23"]
[Time "14:00:04"]
[TimeControl "2700+45"]

1. c4 e5 2. Nc3 Nf6 3. g3 c6 4. Bg2 Bc5 5. e3 Qe7 6. d3 d6 7. a3 O-O 8. b4 Bb6
9. a4 Na6 10. a5 Bc7 11. Ba3 Bf5 12. e4 Be6 13. Qa4 h6 14. Nge2 Qd7 15. O-O Rfe8
16. f4 Bg4 17. f5 Bxe2 18. Nxe2 b6 19. axb6 axb6 20. Qb3 b5 21. Kh1 Bb6 22. cxb5
cxb5 23. Bb2 Ng4 24. d4 Qe7 25. h3 Nf6 26. Kh2 Bc7 27. d5 Bb6 28. Nc3 Nc7 29.
Rxa8 Rxa8 30. Ra1 Rxa1 31. Bxa1 Nh5 32. Ne2 Qg5 33. Qc3 Kh7 34. Bf3 Nf6 35. Bb2
Nfe8 36. Bc1 Qf6 37. Bd2 g6 38. g4 h5 39. g5 Qd8 40. Qc6 Ba7 41. f6 Qb8 42. Bxh5
gxh5 43. Qd7 Qb6 44. Qxf7+ Kh8 45. Qf8+ Kh7 46. g6+ Kxg6 47. Qg8+ Kxf6 48. Bg5#
{Black checkmated} 1-0

[Event "Team 45 45 League T48"]
[Site "Internet Chess Club"]
[Date "2011.03.05"]
[Round "4"]
[White "Zugzwanged"]
[Black "BaumDeezy"]
[Result "1-0"]
[WhiteElo "1550"]
[BlackElo "1509"]
[Opening "Caro-Kann: classical variation"]
[ECO "B18"]
[Time "10:01:48"]
[TimeControl "2700+45"]

1. e4 c6 2. d4 d5 3. Nc3 dxe4 4. Nxe4 Bf5 5. Ng3 Bg6 6. Nf3 Nd7 7. Bd3 Ngf6 8.
h4 e6 9. Bxg6 hxg6 10. Bg5 Qc7 11. Qd3 Be7 12. O-O-O Bd6 13. Ne4 Bf4+ 14. Bxf4
Qxf4+ 15. Ned2 O-O 16. g3 Qc7 17. Ng5 Qa5 18. Kb1 Rfd8 19. Ndf3 e5 20. Qb3 Qd5
21. Qxd5 cxd5 22. dxe5 Ng4 23. Rxd5 Ndxe5 24. Rxd8+ Rxd8 25. Nxe5 Nxe5 26. Kc1
Ng4 27. f3 Ne5 28. f4 Ng4 29. Rd1 Rxd1+ 30. Kxd1 Ne3+ 31. Kd2 Nf5 32. Ne4 Kf8
33. Kd3 Ke7 34. c4 Kd7 35. b4 b6 36. a4 a6 37. c5 Kc6 38. cxb6 Kxb6 39. Kc4 Kc6
40. b5+ axb5+ 41. axb5+ Kb6 42. Kb4 Nd4 43. Nc3 Nf5 44. Ne4 Nd4 45. Nd6 f6 46.
Nc4+ Kb7 47. Kc5 Nf5 48. Nd6+ {Black resigns} 1-0

[Event "Team 45 45 League T48"]
[Site "Internet Chess Club"]
[Date "2011.03.05"]
[Round "4"]
[White "Xanther"]
[Black "zigzag2002"]
[Result "0-1"]
[WhiteElo "1460"]
[BlackElo "1748"]
[Opening "Sicilian: Labourdonnais-Löwenthal variation"]
[ECO "B32"]
[Time "19:09:41"]
[TimeControl "2700+45"]

1. e4 c5 2. Nf3 Nc6 3. d4 cxd4 4. Nxd4 e5 5. Nb3 Nf6 6. Bd3 d5 7. exd5 Nxd5 8.
O-O Be6 9. Kh1 g6 10. f4 Bg7 11. fxe5 Nxe5 12. Bb5+ Nc6 13. Nc5 O-O 14. Nxb7 Qb6
15. Bxc6 Qxc6 16. Na5 Qb5 17. Nb3 Bg4 18. Qe1 Rfe8 19. Qf2 Bf5 20. c3 Re2 21.
Qf3 Be4 22. Qxf7+ Kh8 23. Rg1 Rf8 24. Qxa7 Rxg2 {White resigns} 0-1

[Event "Team 45 45 League T48"]
[Site "Internet Chess Club"]
[Date "2011.03.05"]
[Round "4"]
[White "GiulioCre"]
[Black "chesskix"]
[Result "0-1"]
[WhiteElo "1299"]
[BlackElo "1456"]
[Opening "Queen's pawn game"]
[ECO "A46"]
[Time "10:01:51"]
[TimeControl "2700+45"]

1. d4 Nf6 2. Nf3 c6 3. e4 Nxe4 4. Bd3 d5 5. Nbd2 Nf6 6. c4 Bg4 7. O-O Nbd7 8. h3
Bh5 9. g4 Bg6 10. Bxg6 hxg6 11. Kg2 Qc7 12. Re1 e6 13. Ne5 Nxe5 14. dxe5 Nd7 15.
cxd5 cxd5 16. Qa4 Be7 17. Nf3 Qc6 18. Qxc6 bxc6 19. Be3 c5 20. Bg5 c4 21. Bxe7
Kxe7 22. Nd4 Rac8 23. Rac1 a6 24. Re3 Nc5 25. f3 Nd3 26. Rc2 Nb4 27. Rcc3 Nxa2
28. Ra3 Nb4 29. Ra4 Nd3 30. Rxa6 Nxb2 31. Ra7+ Ke8 32. Rd3 Nxd3 33. Nc6 Rxc6 34.
Ra8+ Kd7 35. Rxh8 c3 {White resigns} 0-1

[Event "Team 45 45 League T48"]
[Site "Internet Chess Club"]
[Date "2011.03.03"]
[Round "4"]
[White "LazyPeon"]
[Black "Rookmaster"]
[Result "1-0"]
[WhiteElo "1776"]
[BlackElo "1691"]
[Opening "QGD: Chigorin defense"]
[ECO "D07"]
[Time "15:05:06"]
[TimeControl "2700+45"]

1. d4 d5 2. c4 Nc6 3. Nc3 dxc4 4. e3 Nf6 5. Nf3 Bg4 6. Bxc4 e5 7. dxe5 Qxd1+ 8.
Nxd1 Bxf3 9. exf6 Bxd1 10. fxg7 Bxg7 11. Kxd1 O-O-O+ 12. Ke2 Ne5 13. Bb3 Kb8 14.
Bd2 f6 15. Rac1 Rhe8 16. Rhd1 Nd3 17. Rc2 Nf4+ 18. Kf1 Nd3 19. Bc3 Ne5 20. Rxd8+
Rxd8 21. Ke2 c6 22. h3 Kc7 23. Rd2 Rxd2+ 24. Kxd2 Kd6 25. f4 Nd7 26. e4 Nc5 27.
Bc2 Nd7 28. g4 Bh6 29. Ke3 c5 30. Kf3 b5 31. b4 c4 32. h4 Ke6 33. Bd2 Kf7 34. g5
fxg5 35. hxg5 Bg7 36. e5 h6 37. gxh6 Bxh6 38. Ke4 a6 39. Bc3 Ke7 40. f5 Nb6 41.
Bd4 Nd7 42. Kd5 Bd2 43. f6+ Kf8 44. e6 Nxf6+ 45. Bxf6 Bxb4 46. Kc6 Be7 47. Be5
b4 48. Kd7 Bg5 49. Bd6+ Kg8 50. e7 Bxe7 51. Bxe7 b3 52. axb3 cxb3 53. Bxb3+ Kg7
54. Ke6 a5 55. Bc2 a4 56. Bxa4 Kg6 57. Be8+ Kg7 58. Bg5 Kf8 59. Bh5 Kg7 60. Ke7
Kg8 61. Bg4 Kg7 62. Bf5 Kg8 63. Bf4 Kg7 64. Ke6 Kf8 65. Be5 Ke8 66. Bg6+ Kd8 67.
Kd6 Kc8 68. Kc6 Kd8 69. Bf6+ Kc8 70. Bf5+ Kb8 71. Kb6 Ka8 72. Ka6 Kb8 73. Be5+
Ka8 74. Be4# {Black checkmated} 1-0

[Event "Team 45 45 League T48"]
[Site "Internet Chess Club"]
[Date "2011.03.05"]
[Round "4"]
[White "Theodulf"]
[Black "room-matt"]
[Result "1-0"]
[WhiteElo "1598"]
[BlackElo "1660"]
[Opening "Scotch game"]
[ECO "C45"]
[Time "10:34:04"]
[TimeControl "2700+45"]

1. e4 e5 2. Nf3 Nc6 3. d4 exd4 4. Nxd4 Bc5 5. Be3 Bb6 6. Nxc6 bxc6 7. Qf3 Nf6 8.
Bc4 Qe7 9. Nc3 O-O 10. h3 Ba5 11. Bd3 Bb7 12. O-O Rfe8 13. Bg5 h6 14. Bxf6 Qxf6
15. Qxf6 gxf6 16. Ne2 c5 17. Ng3 Bc6 18. c4 Rab8 19. b3 Bc3 20. Rad1 Bd4 21.
Rfe1 Kh8 22. Nf5 Bc3 23. Re2 Kh7 24. e5 Rxe5 25. Rxe5 fxe5 26. Ne7+ Kg7 27. Nxc6
dxc6 28. Bf5 Bd4 29. Rd3 Rd8 30. g4 Kf6 31. Kg2 h5 32. Be4 hxg4 33. hxg4 Kg5 34.
Kg3 f6 35. Rf3 Rd6 36. Rf5+ Kh6 37. Rh5+ Kg7 38. Rh7+ Kf8 39. Rxc7 a6 40. Ra7
Bc3 41. Rxa6 Ke7 42. Ra7+ Rd7 43. Rxd7+ Kxd7 44. Kh4 Be1 45. Kg3 Bc3 46. f3 Be1+
47. Kg2 Kd6 48. Kf1 Bd2 49. Ke2 Bf4 50. a4 Kc7 51. Bc2 Kb6 52. Kd3 Ka5 53. Ke4
Kb4 54. Kf5 Bg5 55. Be4 Kxb3 56. a5 {Black resigns} 1-0

[Event "Team 45 45 League T48"]
[Site "Internet Chess Club"]
[Date "2011.03.05"]
[Round "4"]
[White "ticopatzer"]
[Black "parrot9"]
[Result "1/2-1/2"]
[WhiteElo "1607"]
[BlackElo "1608"]
[Opening "QGA: 3.e4"]
[ECO "D20"]
[Time "10:22:57"]
[TimeControl "2700+45"]

1. d4 d5 2. c4 dxc4 3. e4 Nf6 4. e5 Nd5 5. Bxc4 e6 6. Nf3 Be7 7. O-O a6 8. a4
O-O 9. Qc2 Nb4 10. Qe4 Bd7 11. Bd2 Bc6 12. Qg4 Bxf3 13. gxf3 Re8 14. Nc3 Nc2 15.
Bh6 Bf8 16. Rad1 f5 17. exf6 Qxf6 18. Bg5 Qf7 19. Rd2 Nb4 20. Re2 h5 21. Qxe6
Qxe6 22. Bxe6+ Kh8 23. Bf7 Rxe2 24. Nxe2 N8c6 25. d5 Ne5 26. Bxh5 Nxd5 27. Rd1
c6 28. f4 Nc4 29. b3 Nd6 30. Bf3 Re8 31. Kf1 Nb4 32. Nd4 c5 33. Ne2 b5 34. axb5
axb5 35. Nc3 c4 36. bxc4 bxc4 37. Be2 Rc8 38. Rd4 Nc2 39. Rd2 Nb4 40. Rd4 Nc2
41. Rd2 Nb4 42. Rd4 Nc2 43. Rd2 Na3 44. Rd5 Nc2 45. f5 Nb4 46. Rd4 Nxf5 47. Rxc4
Ra8 48. Bd2 g6 49. Ne4 Ra1+ 50. Kg2 Nd5 51. Rc8 Kg7 52. Bc4 Nfe7 53. Bxd5 Nxd5
54. Rd8 Ra4 55. Rxd5 Rxe4 56. Bc3+ Kf7 57. Re5 Rc4 58. Re3 Bc5 59. Rf3+ Ke7 60.
Bf6+ Ke6 61. Bg5 Rg4+ 62. Rg3 Rc4 63. Bd8 Kf7 64. Rf3+ Kg7 65. h4 Rc2 66. Bg5
Bd4 67. Be3 Bf6 68. Bg5 Bd4 69. Be3 Bf6 70. Kh3 Re2 71. Rg3 Be5 72. Rg2 Kf6 73.
Bg5+ Kf5 74. Be3 Re1 75. Rg5+ Kf6 76. Kg4 Rg1+ 77. Kf3 Rxg5 78. Bxg5+ Kf5 {Game
drawn by mutual agreement} 1/2-1/2

[Event "Team 45 45 League T48"]
[Site "Internet Chess Club"]
[Date "2011.03.04"]
[Round "4"]
[White "Invicta-Knight"]
[Black "Rapidcitychess"]
[Result "0-1"]
[WhiteElo "1573"]
[BlackElo "1559"]
[Opening "Sicilian: closed"]
[ECO "B23"]
[Time "14:14:30"]
[TimeControl "2700+45"]

1. e4 c5 2. Nc3 d6 3. f4 Nc6 4. Nf3 Nf6 5. Bc4 Qc7 6. d3 Na5 7. Nd5 Nxd5 8. Bxd5
e6 9. Bb3 Nxb3 10. axb3 Be7 11. Ng5 Bxg5 12. fxg5 e5 13. O-O Be6 14. Bd2 b6 15.
c4 O-O-O 16. b4 Qe7 17. Qa4 Kb8 18. Ra3 Qd7 19. Qb3 Qe7 20. Rfa1 Bc8 21. bxc5
dxc5 22. Ba5 Qc7 23. Bc3 Rhe8 24. Qa4 Rd7 25. b4 Ree7 26. Qb5 Rxd3 27. Bxe5 Qxe5
28. Rxd3 Qxa1+ {White resigns} 0-1

[Event "Team 45 45 League T48"]
[Site "Internet Chess Club"]
[Date "2011.03.06"]
[Round "4"]
[White "musk6868"]
[Black "andrew32"]
[Result "1-0"]
[WhiteElo "1928"]
[BlackElo "1373"]
[Opening "King's Indian: Petrosian system, Stein variation"]
[ECO "E92"]
[Time "16:13:09"]
[TimeControl "2700+45"]

1. d4 Nf6 2. Nf3 d6 3. c4 g6 4. Nc3 Bg7 5. e4 O-O 6. Be2 e5 7. d5 a5 8. h3 Nfd7
9. O-O Na6 10. Be3 h6 11. a3 Qe8 12. b4 f5 13. exf5 e4 14. Nd4 gxf5 15. Bf4 Ne5
16. Qd2 Kh7 17. f3 Ng6 18. fxe4 Nxf4 19. Rxf4 Qe5 20. exf5 Bd7 21. Bd3 Bf6 22.
Re1 Qxd4+ 23. Rxd4 Bxd4+ 24. Kh1 axb4 25. axb4 Rae8 26. f6+ Kg8 27. Ne4 Rxe4 28.
Rxe4 Bxf6 29. Rf4 Kg7 30. Rf3 Re8 31. Rg3+ Kf8 32. Qxh6+ Ke7 33. Re3+ {Black
resigns} 1-0

[Event "Team 45 45 League T48"]
[Site "Internet Chess Club"]
[Date "2011.03.08"]
[Round "4"]
[White "whiskeytown"]
[Black "Andressa"]
[Result "0-1"]
[WhiteElo "1465"]
[BlackElo "1511"]
[Opening "Scotch: Lolli variation"]
[ECO "C44"]
[Time "11:03:22"]
[TimeControl "2700+45"]

1. e4 e5 2. Nf3 Nc6 3. d4 Nxd4 4. Nxe5 Nc6 5. Nxc6 bxc6 6. Bc4 Bb7 7. Qf3 Qf6 8.
Qxf6 Nxf6 9. f3 d5 10. exd5 cxd5 11. Bb5+ c6 12. Ba4 Bc5 13. a3 O-O 14. Nd2
Rfe8+ 15. Kd1 Rac8 16. Nb3 Bb6 17. Bg5 Ba6 18. Re1 Rxe1+ 19. Kxe1 Re8+ 20. Kd1
Re2 21. Bxc6 Rxg2 22. Bxf6 gxf6 23. Bxd5 Rxh2 24. c4 Bc7 25. Kc1 Be5 26. Ra2 Rh4
27. Nc5 Bxc4 28. Bxc4 Rxc4+ 29. Kd2 Rxc5 30. b4 Rc8 31. Ke3 h5 32. Ke4 h4 33. f4
Rc4+ 34. Kf3 Rxf4+ 35. Ke3 h3 36. Rf2 Rxf2 37. Kxf2 h2 38. Kg2 Kg7 39. a4 f5 40.
b5 Bc7 41. a5 Bxa5 42. Kxh2 Kf6 43. Kg2 Ke5 44. Kf3 f6 45. Ke3 Kd5 46. Kf4 Kc5
47. Kxf5 Kxb5 48. Kxf6 a6 49. Ke5 Bb4 50. Kd4 a5 51. Kd3 a4 52. Kc2 a3 53. Kb3
Ka5 54. Ka2 Ka4 55. Kb1 Kb3 56. Ka1 Bc3+ 57. Kb1 a2+ {White resigns} 0-1

[Event "Team 45 45 League T48"]
[Site "Internet Chess Club"]
[Date "2011.03.06"]
[Round "4"]
[White "PANAMA-REY"]
[Black "AlekSaxon"]
[Result "1/2-1/2"]
[WhiteElo "1350"]
[BlackElo "1479"]
[Opening "Four knights: Italian variation"]
[ECO "C28"]
[Time "16:00:27"]
[TimeControl "2700+45"]

1. e4 e5 2. Bc4 Nc6 3. Nc3 Nf6 4. Nf3 d6 5. h3 Qe7 6. a3 Be6 7. d3 O-O-O 8. Bb5
Nd4 9. Be3 Nxf3+ 10. Qxf3 a6 11. Bc4 Bxc4 12. dxc4 Qe6 13. Nd5 Nd7 14. Qe2 c6
15. Nb6+ Nxb6 16. Bxb6 Rd7 17. b4 Be7 18. b5 Bd8 19. Bxd8 Kxd8 20. bxa6 bxa6 21.
Rb1 Kc7 22. Qe3 c5 23. O-O Qxc4 24. Qd2 Qa4 25. Qd5 Qc6 26. Qd2 Qa4 27. Rb3 Rb8
28. Rfb1 Rxb3 29. Rxb3 Kc8 30. Qd5 Kd8 31. Rb8+ Ke7 32. f4 Qxa3 33. f5 Qc1+ 34.
Kh2 Qxc2 35. Qa8 Kf6 36. Re8 Qc1 37. Qc8 Re7 38. Qd8 Qf4+ 39. Kg1 Qc1+ 40. Kh2
Qf4+ 41. Kg1 Qc1+ 42. Kh2 Qf4+ 43. Kg1 Qc1+ 44. Kh2 Qf4+ 45. Kg1 {Game drawn by
repetition} 1/2-1/2

[Event "Team 45 45 League T48"]
[Site "Internet Chess Club"]
[Date "2011.03.07"]
[Round "4"]
[White "pestka"]
[Black "Terte"]
[Result "1-0"]
[WhiteElo "2341"]
[BlackElo "2058"]
[Opening "Sicilian: accelerated fianchetto, Maróczy bind"]
[ECO "B36"]
[Time "07:43:10"]
[TimeControl "2700+45"]

1. e4 c5 2. Nf3 Nc6 3. d4 cxd4 4. Nxd4 g6 5. c4 Nf6 6. Nc3 d6 7. Be2 Nxd4 8.
Qxd4 Bg7 9. Be3 O-O 10. Qd2 a5 11. Rd1 Be6 12. O-O a4 13. f4 Qa5 14. Bd4 Rfc8
15. b3 axb3 16. axb3 Qb4 17. f5 Bd7 18. Bxf6 Bxf6 19. Nd5 Qxb3 20. fxg6 hxg6 21.
Rxf6 exf6 22. Qh6 {Black resigns} 1-0

[Event "Team 45 45 League T48"]
[Site "Internet Chess Club"]
[Date "2011.03.03"]
[Round "4"]
[White "nightly"]
[Black "eurander"]
[Result "1-0"]
[WhiteElo "1896"]
[BlackElo "2162"]
[Opening "Queen's pawn game, Darooha variation "]
[ECO "D11"]
[Time "15:00:13"]
[TimeControl "2700+45"]

1. Nf3 d5 2. d4 Nf6 3. c4 c6 4. Qc2 dxc4 5. Qxc4 Bf5 6. g3 e6 7. Bg2 Nbd7 8. Nc3
Be7 9. O-O O-O 10. Re1 Ne4 11. Qb3 Qb6 12. Qxb6 axb6 13. Nxe4 Bxe4 14. Ne5 Nxe5
15. Bxe4 Nc4 16. Rd1 Rfd8 17. b3 Nd6 18. Bd3 g6 19. Bb2 Nf5 20. e3 Bf6 21. a4 h5
22. Rac1 Kg7 23. Kg2 Ne7 24. h4 Nd5 25. Be2 Rd7 26. Rd2 Rad8 27. Rdc2 Be7 28.
Ra1 Ra8 29. Rd1 f5 30. Rdc1 Kf7 31. Bc4 Bb4 32. Re2 Nf6 33. f3 Ke7 34. Rf1 Re8
35. e4 fxe4 36. fxe4 Ng4 37. e5 Rdd8 38. Re4 Rf8 39. Bc1 Rxf1 40. Bxf1 Rf8 41.
Be2 Nf2 42. Rf4 Rxf4 43. gxf4 Ng4 44. Bxg4 hxg4 45. Kg3 Kf7 46. Kxg4 Bc3 47. Be3
Be1 48. h5 Bb4 49. h6 Bf8 50. Kg5 Be7+ 51. Kg4 Kg8 52. Bd2 Kh7 53. b4 Bf8 54. b5
c5 55. Be3 c4 56. Kf3 Bb4 57. Ke4 Be1 58. Bc1 Kxh6 59. f5+ Kg7 60. f6+ Kf7 61.
Bg5 c3 62. Kd3 Kf8 63. d5 exd5 64. e6 Bd2 65. Bh4 g5 66. Bf2 Bf4 67. Kxc3 g4 68.
Bxb6 Bd6 69. a5 g3 70. a6 bxa6 71. bxa6 Be5+ 72. Kd3 {Black resigns} 1-0

[Event "Team 45 45 League T48"]
[Site "Internet Chess Club"]
[Date "2011.03.07"]
[Round "4"]
[White "mitus"]
[Black "poni"]
[Result "0-1"]
[WhiteElo "1803"]
[BlackElo "1963"]
[Opening "Pirc: Austrian attack, dragon formation"]
[ECO "B09"]
[Time "11:00:40"]
[TimeControl "2700+45"]

1. e4 d6 2. d4 Nf6 3. Nc3 g6 4. f4 Bg7 5. Nf3 c5 6. Be3 cxd4 7. Bxd4 Nc6 8. Bb5
O-O 9. Bxc6 bxc6 10. O-O c5 11. Bxf6 Bxf6 12. e5 Bg7 13. Nd5 Rb8 14. Rb1 e6 15.
Nf6+ Bxf6 16. exf6 d5 17. Qe2 Qxf6 18. Qe5 Qxe5 19. Nxe5 Rb6 20. g3 f6 21. Nf3
Bd7 22. Rfe1 Rfb8 23. b3 a5 24. Nd2 Kf7 25. Kf2 a4 26. h4 h5 27. Kf3 Bc6 28. Kf2
R6b7 29. Kg1 axb3 30. cxb3 Ra8 31. a4 Rb4 32. Rec1 Ra5 33. Kf2 Ke7 34. Ke3 d4+
35. Kd3 Bd5 36. Nc4 Ra7 37. Nd2 Kd6 38. Ne4+ Bxe4+ 39. Kxe4 Rab7 40. a5 Rxb3
{White resigns} 0-1

[Event "Team 45 45 League T48"]
[Site "Internet Chess Club"]
[Date "2011.03.06"]
[Round "4"]
[White "koni"]
[Black "MarkNY"]
[Result "1-0"]
[WhiteElo "1922"]
[BlackElo "1675"]
[Opening "Sicilian: dragon, Yugoslav attack, 9...Bd7"]
[ECO "B77"]
[Time "05:10:38"]
[TimeControl "2700+45"]

1. e4 c5 2. Nf3 d6 3. d4 cxd4 4. Nxd4 Nf6 5. Nc3 g6 6. Be3 Bg7 7. f3 O-O 8. Qd2
Nc6 9. Bc4 Bd7 10. h4 h5 11. Bb3 Rc8 12. O-O-O Ne5 13. Bh6 Nc4 14. Bxc4 Rxc4 15.
Bxg7 Kxg7 16. Kb1 Qa5 17. Nb3 Qc7 18. g4 Rxc3 19. bxc3 Rc8 20. Kb2 hxg4 21. h5
gxh5 22. Qg5+ Kf8 23. Qh6+ Kg8 24. Qg5+ Kf8 25. Rd3 Be6 26. Qh6+ Ke8 27. e5 Bf5
28. exd6 exd6 29. Re1+ Kd7 30. Qxf6 Be6 31. fxg4 hxg4 32. Rxe6 fxe6 33. Qf7+ Kc6
34. Qxe6 Qd7 35. Nd4+ Kc7 36. Qxd7+ Kxd7 37. Rg3 Rg8 38. Nf5 Ke6 39. Ne3 Ke5 40.
Rxg4 Rxg4 41. Nxg4+ Kd5 42. Ne3+ Kc5 43. Kb3 b5 44. Nf5 a5 45. a3 a4+ 46. Kb2 d5
47. Kc1 {Black resigns} 1-0

[Event "Team 45 45 League T48"]
[Site "Internet Chess Club"]
[Date "2011.03.07"]
[Round "4"]
[White "bobhill"]
[Black "jorobo"]
[Result "1-0"]
[WhiteElo "2002"]
[BlackElo "1983"]
[Opening "Queen's pawn game, Krause variation"]
[ECO "D02"]
[Time "00:00:29"]
[TimeControl "2700+45"]

1. d4 d5 2. Nf3 c5 3. Bg5 h6 4. Bh4 Qb6 5. e3 Qxb2 6. Nbd2 Nc6 7. dxc5 e6 8. Bd3
g5 9. Bg3 Bxc5 10. O-O Qg7 11. e4 Nge7 12. exd5 exd5 13. Re1 O-O 14. Rb1 f5 15.
Be5 Nxe5 16. Nxe5 Ng6 17. Nxg6 Qxg6 18. Nb3 Bb4 19. Re5 Qd6 20. Qe2 Kg7 21. Nd4
Kf6 22. Re8 Bd7 23. Rxa8 Rxa8 24. Qh5 Rh8 25. g4 Be8 26. Qh3 Bc5 27. Nxf5 Qf4
28. Qg2 Bc6 29. Ng3 Ke7 30. Nh5 Qd4 31. Re1+ Kd8 32. Qg3 Bd7 33. Bf5 Kc8 34. c3
Qd2 35. Bxd7+ Kxd7 36. Nf6+ Kc8 37. Re6 Rf8 38. Qf3 b6 39. Qf5 Kb7 40. c4 dxc4
41. Qe4+ Ka6 42. Qxc4+ Ka5 43. Qf1 Qf4 44. Qe1+ Ka6 45. Qe2+ Kb7 46. Re7+ Kc6
47. Qe6+ Qd6 48. Qe4+ Kb5 49. a4+ Ka6 50. Qc4+ Ka5 51. Qb5# {Black checkmated}
1-0

[Event "Team 45 45 League T48"]
[Site "Internet Chess Club"]
[Date "2011.03.10"]
[Round "4"]
[White "azbycx"]
[Black "Beddathanme"]
[Result "1-0"]
[WhiteElo "1893"]
[BlackElo "1809"]
[Opening "King's Indian: fianchetto, Yugoslav, 7.O-O"]
[ECO "E65"]
[Time "21:00:29"]
[TimeControl "2700+45"]

1. d4 Nf6 2. Nf3 g6 3. g3 Bg7 4. Bg2 O-O 5. O-O d6 6. c4 c5 7. Nc3 a6 8. e4 cxd4
9. Nxd4 Nc6 10. Nxc6 bxc6 11. e5 dxe5 12. Bxc6 Rb8 13. Qe2 Qb6 14. Bf3 Be6 15.
Rb1 Qd4 16. Be3 Qxc4 17. Ba7 Qxe2 18. Bxe2 Rb7 19. Bc5 Rc7 20. b4 a5 21. a3 axb4
22. axb4 Nd7 23. Nb5 Rb7 24. Bxe7 Rfb8 25. Nc3 Bf8 26. Bxf8 Kxf8 27. b5 f5 28.
Rb2 Nb6 29. Rfb1 Ke7 30. Kg2 Rd8 31. Rd1 Rbd7 32. Rxd7+ Rxd7 33. Kf1 Bc4 34. Ke1
Bxe2 35. Kxe2 e4 36. Rb4 Rd3 37. Nxe4 Nd5 38. Kxd3 Nxb4+ 39. Kc4 Nc2 40. b6 Kd8
41. Nd6 Kd7 42. b7 Kc7 43. Kd5 Nb4+ 44. Ke6 Nc6 45. Ne8+ Kxb7 46. Nf6 Nd4+ 47.
Kf7 Nf3 48. h4 Ne5+ 49. Kg7 h5 50. f4 {Black resigns} 1-0

[Event "Team 45 45 League T48"]
[Site "Internet Chess Club"]
[Date "2011.03.05"]
[Round "4"]
[White "bgolev"]
[Black "futureGM"]
[Result "0-1"]
[WhiteElo "1839"]
[BlackElo "1856"]
[Opening "QGD"]
[ECO "D02"]
[Time "12:00:25"]
[TimeControl "2700+45"]

1. Nf3 d5 2. d4 Nf6 3. c4 e6 4. Bg5 Be7 5. e3 Nbd7 6. Nc3 c6 7. Bd3 O-O 8. O-O
Qc7 9. Rc1 a6 10. a4 dxc4 11. Bxc4 Nb6 12. Bd3 Rd8 13. Qe2 Nfd5 14. Nxd5 exd5
15. Bxe7 Qxe7 16. a5 Nd7 17. Qd2 Nf6 18. h3 Bd7 19. Ne5 Be8 20. b4 Rac8 21. Rc2
g6 22. f4 Nh5 23. Rf3 Bd7 24. g4 Ng7 25. Rf2 f6 26. Nf3 Ne8 27. Qe1 Nd6 28. Rce2
Re8 29. Nd2 f5 30. gxf5 Bxf5 31. Bxf5 Nxf5 32. Nf3 Ng3 33. Ne5 Nxe2+ 34. Rxe2
Rf8 35. Rg2 Rf5 36. h4 Rh5 37. Rg4 Kf8 38. Rxg6 Qxh4 39. Qxh4 Rxh4 40. Rf6+ Kg8
41. Rf7 Rb8 42. Rd7 Rh3 43. Kf2 Rh6 44. Ng4 Rg6 45. Kf3 h5 46. Ne5 Rg7 47. Rd6
h4 48. Rh6 Rh7 49. Rg6+ Kh8 50. Rg4 h3 51. Ng6+ Kg7 52. Nh4+ Kf7 53. Kg3 Rg7 54.
Rxg7+ Kxg7 55. Kxh3 b6 56. Kg4 bxa5 57. bxa5 Rb5 58. Kf5 Rxa5 59. Ke6 Ra3 60.
Nf5+ Kf8 61. Kd6 a5 62. Kxc6 Rb3 63. Kxd5 a4 64. Kc4 Rb1 65. e4 a3 66. Ne3 a2
67. Nc2 Rc1 68. Kb3 Rxc2 69. Kxc2 a1=Q 70. Kd3 Ke7 71. Ke3 Qc3+ {White resigns}
0-1